 Dungeon Crawl Stone Soup version 0.21-a0-508-gf08a75f (webtiles) character file.

103 Gerstahl the Skirmisher (level 4, -1/42 HPs)
             Began as a Naga Skald on Nov 29, 2017.
             Slain by a killer bee zombie (4 damage)
             ... on level 6 of the Dungeon.
             The game lasted 00:16:10 (3827 turns).

Gerstahl the Skirmisher (Naga Skald)                Turns: 3827, Time: 00:16:12

Health: -1/42      AC:  2    Str: 14    XL:     4   Next: 79%
Magic:  7/7        EV:  9    Int: 18    God:
Gold:   256        SH:  0    Dex: 11    Spells: 4/7 levels left

rFire    . . .     SeeInvis +   a - +0 falchion
rCold    . . .     Gourm    .   (no shield)
rNeg     . . .     Faith    .   b - +0 leather armour
rPois    +         Spirit   .   (no helmet)
rElec    .         Reflect  .   (no cloak)
rCorr    .         Harm     .   (no gloves)
MR       .....                  (no barding)
Stlth    +.........             (no amulet)
HPRegen  0.14/turn              (no ring)
MPRegen  0.10/turn              (no ring)

@: brilliant, very slow
A: large, see invisible, deformed body, poison resistance, slowness 2, slow
metabolism 1, spit poison 1, AC +1
a: Spit Poison


You were on level 6 of the Dungeon.
You were very hungry.

You visited 1 branch of the dungeon, and saw 6 of its levels.

You collected 256 gold pieces.

Inventory:

Hand Weapons
 a - a +0 falchion (weapon)
Armour
 b - a +0 leather armour (worn)
 i - a +0 buckler
Scrolls
 f - 4 scrolls of identify {unknown}
 g - 3 scrolls of noise {unknown}
 l - 3 scrolls of teleportation {unknown}
 n - 3 scrolls of fear {unknown}
 o - 2 scrolls of enchant weapon {unknown}
 q - 2 scrolls of enchant armour {unknown}
 r - a scroll of blinking {unknown}
 t - 2 scrolls of fog {unknown}
 u - 2 scrolls of amnesia {unknown}
 v - 3 scrolls of remove curse {unknown}
 w - a scroll of random uselessness {unknown}
Potions
 e - a potion of curing {unknown}
 h - 2 potions of lignification {unknown}
 k - 2 potions of brilliance
 m - a potion of flight {unknown}
 p - 2 potions of heal wounds {unknown}
 x - a potion of ambrosia
 z - a potion of resistance {unknown}
Books
 c - a book of Battle

   Spells                             Type                      Level
   a - Infusion                       Charms                       1
   b - Shroud of Golubria             Charms/Translocation         2
   c - Song of Slaying                Charms                       2
   d - Spectral Weapon                Hexes/Charms                 3
   e - Regeneration                   Charms/Necromancy            3
Comestibles
 d - 2 bread rations
 j - 7 fruits
 s - 2 meat rations


   Skills:
 + Level 3.2 Fighting
 + Level 3.2 Long Blades
 - Level 0.7 Armour
 - Level 1.5 Dodging
 + Level 1.7 Shields
 - Level 2.0 Spellcasting
 - Level 3.0 Charms


You had 4 spell levels left.
You knew the following spells:

 Your Spells              Type           Power        Failure   Level  Hunger
a - Infusion              Chrm           ###.         1%          1    #......
b - Song of Slaying       Chrm           ###.....     1%          2    ###....


Dungeon Overview and Level Annotations

Branches:
Dungeon (6/15)
 Temple: D:4-7

Altars:
Vehumet
Xom

Annotations:
D:3 Grinder


Innate Abilities, Weirdness & Mutations

You cannot wear boots.
Your serpentine skin is tough. (AC +1)
You have supernaturally acute eyesight. (SInv)
Armour fits poorly on your strangely shaped body.
Your system is resistant to poisons. (rPois)
You cover ground very slowly.
You have a slow metabolism.
You can spit poison.


Message History

You barely miss the killer bee zombie.
The killer bee zombie is lightly damaged.
The hound barks!
The killer bee zombie hits you.
* * * LOW HITPOINT WARNING * * *
The killer bee zombie barely misses you.
You miss the killer bee zombie.
The killer bee zombie is lightly damaged.
The killer bee zombie hits you.
* * * LOW HITPOINT WARNING * * *
The phantom blinks!
The killer bee zombie hits you but does no damage.
A leopard gecko comes into view.
You miss the killer bee zombie.
The killer bee zombie is lightly damaged.
The killer bee zombie barely misses you.
The killer bee zombie hits you.
* * * LOW HITPOINT WARNING * * *
The killer bee zombie hits you.
You die...

..l. #.W#
#..####
..... ..[.
#h. #Z#
#@# .# #.#
.. #.# W.
#.# .# #.#
.# #.# .#
#.######.#
#........#
##########


You could see a phantom, a hound, a killer bee zombie and a leopard gecko
(wandering).

Vanquished Creatures
  A worker ant (D:4)
  2 adders
  A worm (D:2)
  2 dart slugs (D:1)
  A leopard gecko (D:1)
  4 orcs (D:3)
  4 ball pythons
  A giant cockroach (D:2)
  7 goblins
  8 hobgoblins
  4 jackals
  2 kobolds
  A quokka (D:2)
  3 bats
  3 frilled lizards
  4 rats
48 creatures vanquished.

Notes
Turn   | Place    | Note
-------+----------+-------------------------------------------
     0 | D:1      | Gerstahl the Naga Skald began the quest for the Orb.
     0 | D:1      | Reached XP level 1. HP: 19/19 MP: 3/3
   247 | D:1      | Reached XP level 2. HP: 27/27 MP: 1/5
  1056 | D:2      | Reached XP level 3. HP: 27/33 MP: 4/6
  1066 | D:2      | Reached skill level 1 in Shields
  1364 | D:2      | Found a blossoming altar of Fedhas.
  1366 | D:2      | Found a shadowy altar of Dithmenos.
  1366 | D:2      | Found a hide-covered altar of Uskayaw.
  1368 | D:2      | Found a sacrificial altar of Ru.
  1368 | D:2      | Found a shimmering altar of Xom.
  1368 | D:2      | Found a shimmering altar of Xom.
  1570 | D:2      | Found a radiant altar of Vehumet.
  1630 | D:2      | Learned a level 2 spell: Song of Slaying
  2013 | D:3      | Noticed Grinder
  2194 | D:3      | Reached XP level 4. HP: 33/40 MP: 4/7
  2218 | D:3      | Paralysed by Grinder for 4 turns
  3725 | D:5      | Entered Level 5 of the Dungeon
  3795 | D:6      | Noticed a phantom
  3827 | D:6      | Slain by a killer bee zombie

Vault maps used:
D:1:      dpeg_arrival_three_same_balls
D:2:      lemuel_doored_altar, first_bread, doesnt_xom_only_xom
D:3:      uniq_grinder
D:4:      kennysheep_generic_room_10
D:5:      wad_pebble_path, minmay_misc_feat_more_columns
D:6:      gammafunk_temple_overflow_statue, gup_sewer_entry_bowl

Skill      XL: |  1  2  3  4 |
---------------+-------------+-----
Shields        | 1 |  1.7
Long Blades    | 3 |  3.2
Fighting       | 3 |  3.2
Armour         | |  0.7
Dodging        | |  1.5
Spellcasting   | |  2.0
Charms         | |  3.0

Action                   |  1- 3 |  4- 6 || total
-------------------------+-------+-------++-------
Melee: Falchion          |    77 |    58 ||   135
 Cast: Infusion          |     5 |     1 ||     6
       Song of Slaying   |       |     1 ||     1
 Abil: Spit Poison       |    26 |     5 ||    31
  Use: Potion            |       |     2 ||     2
  Eat: Chunk             |     4 |     1 ||     5
       Royal jelly       |       |     1 ||     1
       Fruit             |       |     1 ||     1
Armor: Leather armour    |    18 |    15 ||    33
Dodge: Dodged            |    51 |    34 ||    85
       Rpst.: Falchion   |    18 |    11 ||    29

Table legend:
 A = Spawn XP
 B = Non-spawn XP
 C = Spawn XP percentage of total XP
 D = Spawn monster count
 E = Non-spawn monster count
 F = Spawn count percentage of total count
 G = Total turns spent on level
                    A         B        C        D         E        F      G
               +---------+---------+-------+---------+---------+-------+---------
         Total |       0 |     148 |   0.0 |       0 |      48 |   0.0 |  3827
               +---------+---------+-------+---------+---------+-------+---------
           D:1 |       0 |      29 |   0.0 |       0 |      14 |   0.0 |   760
           D:2 |       0 |      41 |   0.0 |       0 |      16 |   0.0 |  1036
           D:3 |       0 |      30 |   0.0 |       0 |      15 |   0.0 |  1016
           D:4 |       0 |      48 |   0.0 |       0 |       3 |   0.0 |   913
               +---------+---------+-------+---------+---------+-------+---------
